Map: Deathaura LE

Players

Stats - Winner!

  • Race: Protoss Protoss
  • Spawn Location: 11:00

ShoWTimE

  • Race: Protoss Protoss
  • Spawn Location: 5:00

Event: StayAtHomestory Cup #2

VOD

Have the link to the VOD?

Description

Time

  • Played on: June 13, 2020, 10:22 a.m.
  • Length: 6:54

All games in this series

Show
View Real Time Build Order
Export as new Build Order

Stats Protoss - Winner!

Build Orders:  

Get SALT Encoding   

  12  0:01  Probe  
  13  0:13  Probe  
  14  0:18  Pylon  
  14  0:24  Probe  
  15  0:32  Probe  
  15  0:38  Gateway  
  15  0:40  Probe  
  16  0:45  Assimilator  
  17  0:51  Probe  
  17  0:54  Assimilator  
  18  1:00  Probe  
  19  1:07  Gateway  
  19  1:08  Probe  
  19  1:17  Probe  
  20  1:25  Cybernetics Core  
  21  1:29  Probe  
  22  1:34  Pylon  
  22  1:42  Probe  
  23  1:54  Probe  
  24  2:01  Robotics Facility  
  24  2:02  Stalker, Warp Gate  
  26  2:12  Stalker  
  28  2:16  Pylon  
  28  2:34  Stalker  
  30  2:39  Immortal  
  34  2:51  Gateway  
  34  3:00  Sentry  
  36  3:06  Pylon  
  36  3:16  Warp Prism  
  38  3:53  Adept x3  
  44  4:00  Observer  
  44  4:01  Pylon  
  45  4:12  Robotics Bay  
  45  4:20  Adept x3, Immortal  
  55  4:39  Pylon  
  55  4:45  Pylon  
  55  5:07  Disruptor  
  58  5:14  Adept x3  
  64  5:24  Observer  
  62  5:36  Adept x2  
  62  5:37  Adept  
  68  5:44  Pylon  
  68  5:47  Disruptor  
  69  6:12  Adept x3  
  67  6:35  Adept x3  
  57  6:50  Adept x3  
Show
View Real Time Build Order
Export as new Build Order

ShoWTimE Protoss 

Build Orders: 1 Gate Expand, Phoenix Opening 

Get SALT Encoding   

  12  0:00  Probe  
  13  0:12  Probe  
  14  0:18  Pylon  
  14  0:24  Probe  
  14  0:28  Assimilator  
  15  0:34  Probe  
  15  0:42  Probe  
  16  0:43  Gateway  
  17  0:51  Probe  
  18  1:03  Probe  
  19  1:15  Probe  
  20  1:23  Nexus  
  20  1:32  Cybernetics Core  
  20  1:34  Probe  
  21  1:40  Assimilator  
  21  1:47  Probe  
  22  1:50  Pylon  
  22  1:59  Probe  
  22  2:01  Sentry  
  23  2:09  Warp Gate  
  23  2:11  Probe  
  26  2:17  Stalker  
  26  2:18  Shield Battery  
  26  2:23  Probe  
  29  2:35  Probe x2  
  31  2:37  Robotics Facility  
  31  2:46  Phoenix  
  31  2:47  Probe x2  
  31  2:51  Stalker  
  35  2:59  Probe x2  
  35  3:05  Gateway  
  36  3:15  Immortal  
  36  3:20  Shield Battery  
  40  3:29  Shield Battery  
  40  3:32  Pylon  
  40  3:43  Immortal  
  44  3:59  Sentry, Stalker  
  48  4:03  Shield Battery  
  48  4:05  Pylon  
  48  4:13  Warp Prism  
  48  4:23  Adept x2  
  54  4:29  Shield Battery  
  54  4:36  Probe x2  
  54  4:38  Gateway  
  56  4:43  Shield Battery, Pylon  
  56  4:47  Sentry  
  56  4:48  Sentry  
  56  4:52  Cybernetics Core  
  60  4:56  Immortal  
  60  5:06  Pylon  
  64  5:12  Shield Battery  
  64  5:17  Stalker  
  62  5:31  Immortal  
  62  5:32  Sentry  
  64  5:35  Probe  
  64  5:36  Probe  
  64  5:39  Pylon  
  64  5:41  Pylon  
  70  5:46  Zealot  
  72  5:50  Pylon  
  72  5:56  Probe x2  
  74  5:59  Pylon  
  74  6:11  Robotics Bay  
  74  6:12  Zealot x2  
  76  6:19  Shield Battery  
  64  6:39  Stalker x2  
Tags
 
Add a new tag
Caveats
  • Supply blocks, unpowered buildings, or Contaminate may cause inaccurate times.
  • Supply counts are checked every 10 seconds.